 Dungeon Crawl Stone Soup version 0.19.1 (webtiles) character file.

208 Gargoyl the Skirmisher (level 5, 0/46 HPs)
             Began as a Draconian Abyssal Knight on Dec 1, 2016.
             Was a Believer of Lugonu.
             Slain by Crazy Yiuf
             ... wielding a +2 quarterstaff of chaos
              (12 damage)
             ... on level 3 of the Dungeon.
             The game lasted 00:05:43 (3509 turns).

Gargoyl the Skirmisher (Draconian Abyssal Knight)   Turns: 3509, Time: 00:05:44

Health: 0/46       AC:  7    Str: 16    XL:     5   Next: 55%
Magic:  7/7        EV: 13    Int: 12    God:    Lugonu [**....]
Gold:   204        SH:  0    Dex: 10    Spells: 0 memorised, 4 levels left

rFire  . . .     SeeInvis .     y - +2 flail (protect)
rCold  . . .     Gourm    .     (armour unavailable)
rNeg   . . .     Faith    .     (no shield)
rPois  .         Spirit   .     (helmet restricted)
rElec  .         Reflect  .     c - +0 cloak (curse)
rCorr  .         Harm     .     g - +0 pair of gloves
MR     .....                    (no boots)
Stlth  +.........               (no amulet)
                                (no ring)
                                (no ring)

@: confused, lethally poisoned (0 -> -10), flying, very slightly contaminated,
invisible
A: unfitting armour, cold-blooded, AC +5
a: Depart the Abyss, Bend Space, Renounce Religion


You were on level 3 of the Dungeon.
You worshipped Lugonu.
Lugonu was pleased with you.
You were hungry.

You visited 1 branch of the dungeon, and saw 3 of its levels.
You visited the Abyss 1 time.

You collected 204 gold pieces.

Inventory:

Hand Weapons
 a - a +1 hand axe
 y - a +2 flail of protection (weapon)
Missiles
 n - 2 tomahawks (quivered)
Armour
 c - a cursed +0 cloak (worn)
 g - a +0 pair of gloves (worn)
Scrolls
 e - 3 scrolls of identify
 f - 3 scrolls of noise {unknown}
 h - 3 scrolls of recharging {unknown}
 j - a scroll of teleportation {unknown}
 l - 4 scrolls of enchant armour {unknown}
 o - 2 scrolls of blinking {unknown}
 t - 2 scrolls of remove curse {unknown}
 w - 2 scrolls of enchant weapon {unknown}
Potions
 p - a potion of invisibility {unknown}
 q - 2 potions of curing {unknown}
 r - a potion of brilliance {unknown}
 s - a potion of cancellation {unknown}
Comestibles
 b - 3 bread rations
 d - 2 meat rations
 v - a slice of pizza


   Skills:
 + Level 4.1 Fighting
 + Level 3.0 Axes
 + Level 0.2(1.8) Maces & Flails
 * Level 4.1 Dodging
 + Level 0.6 Stealth
 * Level 2.7 Invocations


You had 4 spell levels left.
You didn't know any spells.

Dungeon Overview and Level Annotations

Branches:
Dungeon (3/15)

Altars:

Annotations:
D:3 Crazy Yiuf


Innate Abilities, Weirdness & Mutations

Your plain brown scales are hard. (AC +5)
You cannot fit into any form of body armour.
You are cold-blooded and may be slowed by cold attacks.


Message History

You feel sick.
Crazy Yiuf hits you with a quarterstaff of chaos.
You are more poisoned.
You feel sick.
Crazy Yiuf says, "Crazy?
Crazy!?
PORCUPINE!"
Crazy Yiuf hits you with a quarterstaff of chaos.
Crazy Yiuf freezes you.
You feel sick. Crazy Yiuf hits you but does no damage.
You are electrocuted!
You feel sick.
You feel sick.
Crazy Yiuf whimpers, "Shower sing-song koolooloo!"
Crazy Yiuf hits you with a quarterstaff of chaos.
* * * LOW HITPOINT WARNING * * *
x2 You can move again.
You are confused.
You feel invigorated.
You feel sick.
Crazy Yiuf hits you with a quarterstaff of chaos.
* * * LOW HITPOINT WARNING * * *
You are electrocuted!
You die...

#...............#
#.........#####.##
#.........# #..#
########### ##.#
#.# ♣♣♣♣♣###.#
#### ♣♣♣.♣...##.#
#...#♣..♣.......#
#..g@.♣♣♣♣......#
#)..#♣♣ ♣♣..#.##
#### ♣♣####


You could see Crazy Yiuf.

Vanquished Creatures
  A quasit (D:3)
  An orc wizard (D:3)
  3 gnolls
  3 adders
  2 oozes (D:2)
  3 dart slugs (D:1)
  6 leopard geckos
  4 orcs (D:2)
  4 bats
  2 giant cockroaches (D:1)
  5 hobgoblins
  8 jackals
  3 quokkas
  A ball python (D:1)
  3 frilled lizards
  7 goblins
  6 kobolds
  8 rats
70 creatures vanquished.

Notes
Turn   | Place    | Note
-------+----------+-------------------------------------------
     0 | Abyss:1  | Gargoyl the Draconian Abyssal Knight began the quest for the Orb.
     0 | Abyss:1  | Reached XP level 1. HP: 19/19 MP: 2/2
   187 | Abyss:1  | Noticed an efreet
   187 | D:1      | Escaped the Abyss
   200 | D:1      | Reached * piety under Lugonu
   419 | D:1      | Reached XP level 2. HP: 14/27 MP: 3/3
   988 | D:1      | Reached XP level 3. HP: 33/33 MP: 4/4
  1605 | D:2      | Reached XP level 4. HP: 40/40 MP: 5/5
  1696 | D:2      | Reached ** piety under Lugonu
  2655 | D:3      | Found a runed door.
  2779 | D:3      | Reached XP level 5. HP: 44/46 MP: 6/6
  3488 | D:3      | Noticed Crazy Yiuf
  3503 | D:3      | Paralysed by Crazy Yiuf for 6 turns
  3509 | D:3      | Slain by Crazy Yiuf

Skill      XL: |  1  2  3  4  5 |
---------------+----------------+-----
Fighting       | 4 |  4.1
Dodging        | 3 4 |  4.1
Axes           | 3 |  3.0
Maces & Flails | |  0.2
Stealth        | |  0.6
Invocations    | |  2.7

Action                   |  1- 3 |  4- 6 || total
-------------------------+-------+-------++-------
Melee: Hand axe          |   127 |   127 ||   254
       Tailslap          |    11 |    10 ||    21
       Flail             |       |    26 ||    26
Invok: Depart the Abyss  |     1 |       ||     1
  Use: Scroll            |     1 |     1 ||     2
       Potion            |       |     5 ||     5
  Eat: Chunk             |     2 |     6 ||     8
Armor: Skin              |    52 |    73 ||   125
Dodge: Dodged            |   115 |   142 ||   257
